SBL
HAWTHORN HAWKS @ PRESTON EAGLES
04/13/2022
 
TOP OF THE 1ST
Hawthorn Hawks batting - Pitching for Preston Eagles : RHP Luke Marris
Pitching: RHP Luke Marris
Batting: LHB Fred Pascoe 0-0: Ball
1-0: Called Strike
1-1: Swinging Strike
1-2: Strikes out looking
Batting: RHB Frank Crang 0-0: Ball
1-0: SINGLE (Line Drive, 8LS, EV 93.8 MPH)
Batting: RHB Marvin Leckenby 0-0: Called Strike
0-1: Foul Ball, location: 5F
0-2: Ball
1-2: Foul Ball, location: 2F
1-2: Fly out, F8 (Flyball, 8LM, EV 91.9 MPH)
Batting: LHB David Hayter 0-0: Ball
1-0: Swinging Strike
1-1: Foul Ball, location: 3F
1-2: Ball
2-2: Foul Ball, location: 2F
2-2: Ground out 4-3 (Groundball, 4, EV 86.9 MPH)
Top of the 1st over - 0 runs, 1 hit, 0 errors, 1 left on base; Hawthorn 0 - Preston 0
BOTTOM OF THE 1ST
Preston Eagles batting - Pitching for Hawthorn Hawks : RHP Jose Gomez
Pitching: RHP Jose Gomez
Batting: LHB David Scarborough 0-0: Ball
1-0: Foul Ball, location: 2F
1-1: Ball
2-1: Ground out 1-3 (Groundball, 34S, EV 64.4 MPH)
Batting: LHB Tony Hoyle 0-0: Called Strike
0-1: Ball
1-1: Called Strike
1-2: SINGLE (Line Drive, 89M, EV 109.4 MPH)
Batting: LHB Phil Kearns 0-0: Called Strike
Pickoff Throw to First - Error! E1
Tony Hoyle to second
0-1: Ground out 1-3 (Groundball, P, EV 72.5 MPH)
Batting: LHB Doug Duerden 0-0: Ball
1-0: Ball
2-0: SINGLE (Line Drive, 56D, EV 99.4 MPH)
Tony Hoyle to third
Runner from 3rd tries for Home, SAFE, throw by LF to home
Batting: LHB Michael Day 0-0: Ball
1-0: Foul Ball, location: 9LSF
1-1: Fly out, F8 (Line Drive, 8LD, EV 111.3 MPH)
Bottom of the 1st over - 1 run, 2 hits, 1 error, 1 left on base; Hawthorn 0 - Preston 1
TOP OF THE 2ND
Hawthorn Hawks batting - Pitching for Preston Eagles : RHP Luke Marris
Batting: RHB Ed Glynn 0-0: Ball
1-0: Ball
2-0: Ground out 6-3 (Groundball, 6MS, EV 86.9 MPH)
Batting: LHB Chandler Cheney 0-0: Called Strike
0-1: Ground out 4-3 (Groundball, 34D, EV 95.6 MPH)
Batting: RHB Justin Williams 0-0: SINGLE (Flyball, 8LS, EV 100.0 MPH)
Batting: LHB Chris Cunningham 0-0: Called Strike
0-1: Ball
1-1: Called Strike
1-2: Ball
2-2: Fly out, F3 (Popup, 13, EV 77.5 MPH)
Top of the 2nd over - 0 runs, 1 hit, 0 errors, 1 left on base; Hawthorn 0 - Preston 1
BOTTOM OF THE 2ND
Preston Eagles batting - Pitching for Hawthorn Hawks : RHP Jose Gomez
Batting: SHB Steve Bubb 0-0: Called Strike
0-1: Fly out, F8 (Flyball, 8RM, EV 95.6 MPH)
Batting: SHB Hoani Bennett 0-0: Ball
1-0: Swinging Strike
1-1: Ground out 6-3 (Groundball, 6, EV 91.9 MPH)
Batting: RHB Zackary Scott 0-0: Ball
1-0: Ball
2-0: Called Strike
2-1: SINGLE (Groundball, 34D, EV 101.9 MPH)
Batting: LHB Jim Unknown 0-0: Ball
1-0: Ball
Zackary Scott steals 2nd base
2-0: Foul Ball, location: 25F
2-1: Foul Ball, location: 7LSF
2-2: Foul Ball, location: 25F
2-2: Foul Ball, location: 3FF
2-2: Ground out 6-3 (Groundball, 6, EV 91.9 MPH)
Bottom of the 2nd over - 0 runs, 1 hit, 0 errors, 1 left on base; Hawthorn 0 - Preston 1
TOP OF THE 3RD
Hawthorn Hawks batting - Pitching for Preston Eagles : RHP Luke Marris
Batting: RHB Fabião Giesteira 0-0: Swinging Strike
0-1: Ball
1-1: Swinging Strike
1-2: Ball
2-2: Strikes out swinging
Batting: LHB Fred Pascoe 0-0: Ground out 6-3 (Groundball, 6S, EV 89.4 MPH)
Batting: RHB Frank Crang 0-0: Ball
1-0: Fly out, F8 (Line Drive, 8LS, EV 96.9 MPH)
Top of the 3rd over - 0 runs, 0 hits, 0 errors, 0 left on base; Hawthorn 0 - Preston 1
BOTTOM OF THE 3RD
Preston Eagles batting - Pitching for Hawthorn Hawks : RHP Jose Gomez
Batting: LHB David Scarborough 0-0: Swinging Strike
0-1: Swinging Strike
0-2: Ball
1-2: Ball
2-2: Ground out 4-3 (Groundball, 4M, EV 105.0 MPH)
Batting: LHB Tony Hoyle 0-0: Ball
1-0: SINGLE (Groundball, 34, EV 98.1 MPH)
Batting: LHB Phil Kearns Pickoff Throw to First - Out! 1-3
0-0: Ball
1-0: Foul Ball, location: 7LMF
1-1: Swinging Strike
1-2: Ball
2-2: Ball
3-2: SINGLE (Groundball, 23, EV 61.3 MPH) (infield hit)
Batting: LHB Doug Duerden 0-0: SINGLE (Groundball, 34S, EV 67.5 MPH) (infield hit)
Phil Kearns to second
Batting: LHB Michael Day 0-0: Called Strike
0-1: Ball
1-1: Ball
2-1: Ball
3-1: Fly out, F7 (Flyball, 78D, EV 105.0 MPH)
Bottom of the 3rd over - 0 runs, 3 hits, 0 errors, 2 left on base; Hawthorn 0 - Preston 1
TOP OF THE 4TH
Hawthorn Hawks batting - Pitching for Preston Eagles : RHP Luke Marris
Batting: RHB Marvin Leckenby 0-0: Called Strike
0-1: Ball
1-1: Fly out, F6 (Popup, 6M, EV 67.5 MPH)
Batting: LHB David Hayter 0-0: Ball
1-0: SINGLE (Groundball, 6MD, EV 95.6 MPH)
Batting: RHB Ed Glynn 0-0: Called Strike
0-1: Ball
1-1: Foul Ball, location: 5FF
1-2: Ball
2-2: Foul Ball, location: 5DF
2-2: Ball
3-2: Base on Balls
David Hayter to second
Batting: LHB Chandler Cheney 0-0: Ball
1-0: SINGLE (Groundball, 6M, EV 110.6 MPH)
David Hayter to third
Ed Glynn to second
Runner from 3rd tries for Home, SAFE, throw by CF to home
Batting: RHB Justin Williams 0-0: Called Strike
0-1: Ball
1-1: Ball
2-1: Ball
3-1: Called Strike
3-2: SINGLE (Groundball, 13S, EV 68.1 MPH) (infield hit)
Ed Glynn to third
Chandler Cheney to second
Batting: LHB Chris Cunningham 0-0: Called Strike
0-1: Swinging Strike
0-2: Ball
1-2: Ball
2-2: Foul Ball, location: 2F
2-2: Ground out U3 (Groundball, 3S, EV 66.3 MPH)
Ed Glynn scores
Chandler Cheney to third
Justin Williams to second
Batting: RHB Fabião Giesteira 0-0: Called Strike
0-1: Fly out, F8 (Line Drive, 8RD, EV 103.8 MPH)
Top of the 4th over - 2 runs, 3 hits, 0 errors, 2 left on base; Hawthorn 2 - Preston 1
BOTTOM OF THE 4TH
Preston Eagles batting - Pitching for Hawthorn Hawks : RHP Jose Gomez
Batting: SHB Steve Bubb 0-0: Swinging Strike
0-1: Called Strike
0-2: Strikes out swinging
Batting: SHB Hoani Bennett 0-0: Ball
1-0: Ground out 4-3 (Groundball, 4, EV 83.1 MPH)
Batting: RHB Zackary Scott 0-0: Called Strike
0-1: SINGLE (Line Drive, 89S, EV 103.1 MPH)
Batting: LHB Jim Unknown 0-0: Called Strike
0-1: Ball
1-1: Called Strike
1-2: Ground out 4-3 (Groundball, 3, EV 102.5 MPH)
Bottom of the 4th over - 0 runs, 1 hit, 0 errors, 1 left on base; Hawthorn 2 - Preston 1
TOP OF THE 5TH
Hawthorn Hawks batting - Pitching for Preston Eagles : RHP Luke Marris
Batting: LHB Fred Pascoe 0-0: Called Strike
0-1: TRIPLE (Line Drive, 89XD, EV 106.9 MPH)
Batting: RHB Frank Crang 0-0: Ball
1-0: Foul Ball, location: 5F
1-1: Ball
2-1: Ground out 5-3 (Groundball, 56S, EV 88.1 MPH)
Fred Pascoe scores
Batting: RHB Marvin Leckenby 0-0: Fly out, F8 (Flyball, 8RM, EV 90.6 MPH)
Batting: LHB David Hayter 0-0: Ball
1-0: Called Strike
1-1: Ball
2-1: Foul Ball, location: 7LMF
2-2: Ball
3-2: Strikes out swinging
Top of the 5th over - 1 run, 1 hit, 0 errors, 0 left on base; Hawthorn 3 - Preston 1
BOTTOM OF THE 5TH
Preston Eagles batting - Pitching for Hawthorn Hawks : RHP Jose Gomez
Batting: LHB David Scarborough 0-0: Called Strike
0-1: Foul Ball, location: 2F
0-2: Ball
1-2: Ball
2-2: Foul Ball, location: 2F
2-2: Strikes out swinging
Batting: LHB Tony Hoyle 0-0: Swinging Strike
0-1: Called Strike
0-2: Foul Ball, location: 2RF
0-2: DOUBLE (Line Drive, 78D, EV 105.0 MPH)
Batting: LHB Phil Kearns 0-0: Ball
1-0: Foul Ball, location: 2F
1-1: Foul Ball, location: 3F
1-2: Fly out, F8 (Flyball, 8LS, EV 87.5 MPH)
Batting: LHB Doug Duerden 0-0: Foul Ball, location: 2F
0-1: Ground out U3 (Groundball, 3S, EV 86.9 MPH)
Bottom of the 5th over - 0 runs, 1 hit, 0 errors, 1 left on base; Hawthorn 3 - Preston 1
TOP OF THE 6TH
Hawthorn Hawks batting - Pitching for Preston Eagles : RHP Luke Marris
Batting: RHB Ed Glynn 0-0: Foul Ball, location: 9LMF
0-1: Foul Ball, location: 3DF
0-2: Ball
1-2: Foul Ball, location: 7LDF
1-2: Ball
2-2: Ball
3-2: Base on Balls
Batting: LHB Chandler Cheney 0-0: Foul Ball, location: 25FF
0-1: Ball
1-1: Ball
2-1: Fly out, F7 (Flyball, 7S, EV 91.3 MPH)
Pitching: RHP Ken Longbottom
Batting: RHB Justin Williams 0-0: Swinging Strike
0-1: Foul Ball, location: 3DF
0-2: Ball
1-2: Strikes out swinging
Batting: LHB Chris Cunningham 0-0: Ball
1-0: Called Strike
1-1: Foul Ball, location: 7LMF
1-2: Ball
2-2: Foul Ball, location: 2F
2-2: Strikes out swinging
Top of the 6th over - 0 runs, 0 hits, 0 errors, 1 left on base; Hawthorn 3 - Preston 1
BOTTOM OF THE 6TH
Preston Eagles batting - Pitching for Hawthorn Hawks : RHP Jose Gomez
Batting: LHB Michael Day 0-0: Ball
1-0: Ball
2-0: Ball
3-0: Base on Balls
Batting: SHB Steve Bubb 0-0: Ball
1-0: Ball
2-0: Called Strike
2-1: Grounds into double play, 6-4-3 (Groundball, 6, EV 86.9 MPH)
Batting: SHB Hoani Bennett 0-0: Ball
1-0: Called Strike
1-1: Called Strike
1-2: Ball
2-2: Ball
3-2: Base on Balls
Batting: RHB Zackary Scott 0-0: Called Strike
0-1: Ground out 6-3 (Groundball, 6M, EV 101.3 MPH)
Bottom of the 6th over - 0 runs, 0 hits, 0 errors, 1 left on base; Hawthorn 3 - Preston 1
TOP OF THE 7TH
Hawthorn Hawks batting - Pitching for Preston Eagles : RHP Ken Longbottom
Batting: RHB Fabião Giesteira 0-0: Ground out U3 (Groundball, 3S, EV 62.5 MPH)
Batting: LHB Fred Pascoe 0-0: Ball
1-0: Foul Ball, location: 9LMF
1-1: Ball
2-1: Fly out, F4 (Popup, 34S, EV 66.9 MPH)
Batting: RHB Frank Crang 0-0: Called Strike
0-1: Ball
1-1: Ball
2-1: Foul Ball, location: 5F
2-2: SINGLE (Groundball, 6MD, EV 96.3 MPH)
Batting: RHB Marvin Leckenby 0-0: Ball
1-0: Ground out 4-3 (Groundball, 34D, EV 97.5 MPH)
Top of the 7th over - 0 runs, 1 hit, 0 errors, 1 left on base; Hawthorn 3 - Preston 1
BOTTOM OF THE 7TH
Preston Eagles batting - Pitching for Hawthorn Hawks : RHP Jose Gomez
Batting: LHB Jim Unknown 0-0: Swinging Strike
0-1: Ball
1-1: Called Strike
1-2: Ball
2-2: Ground out U3 (Groundball, 34, EV 100.0 MPH)
Batting: LHB David Scarborough 0-0: Ball
1-0: Fly out, F7 (Flyball, 78D, EV 111.3 MPH)
Batting: LHB Tony Hoyle 0-0: Fly out, F8 (Line Drive, 8RD, EV 86.3 MPH)
Bottom of the 7th over - 0 runs, 0 hits, 0 errors, 0 left on base; Hawthorn 3 - Preston 1
TOP OF THE 8TH
Hawthorn Hawks batting - Pitching for Preston Eagles : RHP Ken Longbottom
Batting: LHB David Hayter 0-0: Foul Ball, location: 2F
0-1: Foul Ball, location: 2F
0-2: Ball
1-2: Fly out, F7 (Line Drive, 78M, EV 97.5 MPH)
Batting: RHB Ed Glynn 0-0: Called Strike
0-1: Ball
1-1: Called Strike
1-2: Strikes out swinging
Batting: LHB Chandler Cheney 0-0: Ball
1-0: SINGLE (Flyball, 6MD, EV 93.1 MPH)
Batting: RHB Justin Williams 0-0: Ball
1-0: Swinging Strike
1-1: Foul Ball, location: 2F
1-2: Ball
2-2: Ball
3-2: Fly out, F8 (Flyball, 8RD, EV 83.1 MPH)
Top of the 8th over - 0 runs, 1 hit, 0 errors, 1 left on base; Hawthorn 3 - Preston 1
BOTTOM OF THE 8TH
Preston Eagles batting - Pitching for Hawthorn Hawks : RHP Jose Gomez
Pitching: RHP John Kingsley
Batting: LHB Phil Kearns 0-0: Swinging Strike
0-1: Swinging Strike
0-2: Ball
1-2: Ball
2-2: Foul Ball, location: 2F
2-2: Ground out 4-3 (Groundball, 34, EV 93.8 MPH)
Batting: LHB Doug Duerden 0-0: Called Strike
0-1: Ball
1-1: Ball
2-1: Foul Ball, location: 2F
2-2: Foul Ball, location: 7LSF
2-2: Foul Ball, location: 23F
2-2: Foul Ball, location: 25FF
2-2: TRIPLE (Line Drive, 89XD, EV 98.1 MPH)
Batting: LHB Michael Day 0-0: Ball
1-0: Foul Ball, location: 2F
1-1: Swinging Strike
1-2: Strikes out swinging
Pinch Hitting: RHB R.W. Tattam 0-0: Foul Ball, location: 3DF
0-1: Fly out, F3 (Popup, 3S, EV 83.1 MPH)
Bottom of the 8th over - 0 runs, 1 hit, 0 errors, 1 left on base; Hawthorn 3 - Preston 1
TOP OF THE 9TH
Hawthorn Hawks batting - Pitching for Preston Eagles : RHP Ken Longbottom
Pitching: RHP Stan McCallum
Now at 2B: Al Clack
Batting: LHB Chris Cunningham 0-0: Called Strike
0-1: Foul Ball, location: 7LSF
0-2: Ground out U3 (Groundball, 3, EV 103.1 MPH)
Batting: RHB Fabião Giesteira 0-0: Ball
1-0: Ball
2-0: Foul Ball, location: 3SF
2-1: SINGLE (Line Drive, 34, EV 98.8 MPH)
Batting: LHB Fred Pascoe 0-0: Fielders Choice at 2nd, 5-4 (Groundball, 56, EV 86.9 MPH)
Batting: RHB Frank Crang 0-0: Ball
1-0: Ball
Fred Pascoe steals 2nd base
2-0: Ground out 6-3 (Groundball, 6, EV 99.4 MPH)
Top of the 9th over - 0 runs, 1 hit, 0 errors, 1 left on base; Hawthorn 3 - Preston 1
BOTTOM OF THE 9TH
Preston Eagles batting - Pitching for Hawthorn Hawks : RHP John Kingsley
Pitching: RHP John Stuart
Batting: SHB Hoani Bennett 0-0: Ball
1-0: Ball
2-0: Foul Ball, location: 7LMF
2-1: Called Strike
2-2: Strikes out looking
Pinch Hitting: RHB Jeremie Shoesmith 0-0: Called Strike
0-1: Foul Ball, location: 2F
0-2: Ball
1-2: Strikes out looking
Batting: SHB Storm Gilbert 0-0: Ball
1-0: Fly out, F4 (Popup, 4M, EV 56.9 MPH)
Bottom of the 9th over - 0 runs, 0 hits, 0 errors, 0 left on base; Hawthorn 3 - Preston 1
Monday, April 22nd , 2024 - OOTP Baseball 24.9 Build 80